 Dungeon Crawl Stone Soup version 0.31-a0-16-g6d2539766c (webtiles) character file.

Game seed: 5966911973615697431

308 bande the Trooper (level 6, -13/39 HPs)
             Began as a Gargoyle Fighter on May 9, 2023.
             Killed from afar by Robin (17 damage)
             ... with a bolt of dispelling energy
             ... on level 3 of the Dungeon.
             The game lasted 00:05:48 (3140 turns).

bande the Trooper (Gargoyle Fighter)                Turns: 3140, Time: 00:05:49

Health: -13/39     AC: 15    Str: 20    XL:     6   Next: 40%
Magic:  6/6        EV:  7    Int:  8    God:
Gold:   179        SH:  4    Dex: 11    Spells: 5/5 levels left

rFire   . . .        a - +0 war axe (freeze)
rCold   . . .        c - +0 buckler
rNeg    + . .        e - +0 chain mail
rPois   ∞            (no helmet)
rElec   +            (no cloak)
rCorr   .            (no gloves)
SInv    .            i - +0 pair of boots
Will    .....        (no amulet) Stlth
                     l - ring of flight
HPRegen 0.26/turn    (no ring)
MPRegen 0.10/turn

%: no passive effects
@: flying
A: sickness immunity, AC +4, negative energy resistance 1, electricity
resistance, torment resistance 1, petrification resistance
a: no special abilities


You were on level 3 of the Dungeon.
You visited 1 branch of the dungeon, and saw 4 of its levels.

You collected 179 gold pieces.

Inventory:

Hand Weapons
 a - a +0 war axe of freezing (weapon)
Armour
 c - a +0 buckler (worn)
 e - a +0 chain mail (worn)
 i - a +0 pair of boots (worn)
Jewellery
 l - a ring of flight (left hand)
Wands
 b - a wand of polymorph (8)
Scrolls
 k - a scroll of magic mapping
Potions
 d - a potion of might
 f - 2 potions of magic
 g - 2 potions of heal wounds
 h - a potion of flight
 j - a potion of mutation {unknown}


   Skills:
 + Level 4.3 Fighting
 + Level 4.0 Axes
 + Level 4.2 Armour
 - Level 0.1 Dodging
 + Level 3.9 Shields
 * Level 1.9 Evocations


You had 5 spell levels left.
You didn't know any spells.
Your spell library contained the following spells:

 Spells                   Type           Power      Damage    Failure   Level
 Slow                     Hex            0%         N/A       99%         1
 Ensorcelled Hibernation  Hex/Ice        0%         N/A       99%         2
 Confusing Touch          Hex            0%         N/A       100%        3
 Dazzling Flash           Conj/Hex       0%         N/A       100%        3
 Vampiric Draining        Necr           0%         2d6       100%        3
 Volatile Blastmotes      Fire/Tloc      0%         2d10      100%        3
 Animate Dead             Necr           0%         N/A       100%        4
 Iskenderun's Mystic Bla  Conj/Tloc      0%         2d3       100%        4
 Starburst                Conj/Fire      0%         6d3       100%        6


Dungeon Overview and Level Annotations

Branches:
Dungeon (4/15)
 Temple: D:4-7

Altars:
Sif Muna
Wu Jian

Shops:
D:4 :

Annotations:
D:3 Robin


Innate Abilities, Weirdness & Mutations

You are immune to sickness and miasma.
Your stone body is resilient. (AC +4)
You are immune to poison.
You resist negative energy. (rN+)
You are resistant to electric shocks. (rElec)
You are resistant to unholy torment.
You are immune to petrification.


Message History

You kill the hobgoblin!
The jackal bites you but does no damage.
Robin barely misses you. The jackal bites you.
Unknown command.
You barely miss the jackal. The jackal bites you. Robin closely misses you.
Unknown command.
You closely miss the jackal.
The jackal bites you but does no damage.
Robin zaps a wand.
The bolt of dispelling energy hits the jackal!!
The jackal dies!
The bolt of dispelling energy hits you.
Robin hits you from afar with a +0 trident.
You slash the kobold! You freeze the kobold.
You kill the kobold!
Robin barely misses you.
Unknown command.
You closely miss the hobgoblin.
Robin hits you from afar with a +0 trident.
The hobgoblin hits you but does no damage.
Unknown command.
You barely miss the hobgoblin.
Robin zaps a wand.
The bolt of dispelling energy hits the hobgoblin!
The hobgoblin dies!
The bolt of dispelling energy hits you!!
* * * LOW HITPOINT WARNING * * *
Robin hits you but does no damage.
Unknown command.
Robin zaps a wand.
The bolt of dispelling energy misses you.
There is an open door, spattered with blood here.
Items here: ( )))) †††.
Robin hits you but does no damage. Robin hits you but does no damage.
Robin barely misses you.
You hit Robin but do no damage. Robin hits you but does no damage.
You slash Robin! You freeze Robin.
Robin is almost dead.
Robin zaps a wand.
The bolt of dispelling energy hits you!
You die...

#≈≈≈#.....#≈≈≈≈≈≈≈.
#.).#.....#..)..≈≈≈
#...#.....#......≈≈
##'##.....##+##..≈≈
#...#.....#,,,#..≈≈
#.).#.....#,,,#).≈≈
#..)#.....#,,,#..≈≈
##)##.....##+##..≈≈
#.@g)........#...≈≈
#............#...≈≈
#...##########...≈≈
#...#$......*####≈≈
#...'...gg..+,,,*~~
#...'..K.g..*,,,*~~
############*******


You could see Robin.

Vanquished Creatures
  Sigmund (D:3)
  A phantom (D:4)
  An adder (D:3)
  A worm (D:2)
  2 dart slugs
  2 orcs (D:3)
  5 ball pythons
  3 endoplasms
  5 giant cockroaches
  14 goblins
  6 hobgoblins
  A jackal (D:3)
  2 quokkas
  7 bats
  3 frilled lizards
  5 kobolds
  4 rats
63 creatures vanquished.

Vanquished Creatures (others)
  A hobgoblin (D:3)
  A jackal (D:3)
2 creatures vanquished.

Grand Total: 65 creatures vanquished

Notes
Turn   | Place    | Note
-------+----------+-------------------------------------------
     0 | D:1      | bande the Gargoyle Fighter began the quest for the Orb.
     0 | D:1      | Reached XP level 1. HP: 14/14 MP: 1/1
   174 | D:1      | Reached XP level 2. HP: 19/19 MP: 2/2
   779 | D:2      | Found a faded altar of an unknown god.
  1148 | D:2      | Reached XP level 3. HP: 9/24 MP: 3/3
  1381 | D:2      | You fall into a shaft and drop 2 floors!
  1381 | D:4      | Found Nesih's Book Emporium.
  1480 | D:4      | Noticed a phantom
  1508 | D:4      | Killed a phantom
  1509 | D:4      | Reached skill level 1 in Evocations
  1509 | D:4      | Reached XP level 4. HP: 12/29 MP: 4/4
  1925 | D:4      | Got the Tractate on Bones and Misfortune
  1942 | D:3      | Reached XP level 5. HP: 33/33 MP: 5/5
  2433 | D:3      | Found a shimmering blue altar of Sif Muna.
  2442 | D:3      | Found an ornate altar of the Wu Jian Council.
  2483 | D:3      | Noticed Sigmund
  2493 | D:3      | Killed Sigmund
  2494 | D:3      | Reached XP level 6. HP: 24/38 MP: 6/6
  3110 | D:3      | Noticed Robin
  3140 | D:3      | Killed from afar by Robin

Illustrated notes

Levels and vault maps discovered:
D:1:      lemuel_arrival_broad_hall, layout_basic
D:2:      minmay_diamond_boxcup, layout_loops_cross,
          shapermc_ecumenical_altar_notcrosses, serial_bayou_lake_a
D:3:      kennysheep_goblin_castle, layout_rooms,
          mainiacjoe_overflow_large_starburst, uniq_sigmund
D:4:      layout_basic, serial_shops, shop, nicolae_stop_n_shop_1

Skill      XL: |  1  2  3  4  5  6 |
---------------+-------------------+-----
Axes           | 2 3 4 |  4.0
Evocations     | 1 |  1.9
Armour         | 4 |  4.2
Fighting       | 4 |  4.3
Dodging        | |  0.1
Shields        | |  3.9

Action                     |  1- 3 |  4- 6 || total
---------------------------+-------+-------++-------
  Melee: War axe           |   130 |    78 ||   208
    Use: Scroll            |     3 |     5 ||     8
 Armour: Chain mail        |    87 |    61 ||   148
  Dodge: Dodged            |    47 |    28 ||    75
  Block: Buckler           |    38 |    18 ||    56

Table legend: (Time is in decaauts)
 A = Elapsed time spent in this place.
 B = Non-inter-level travel time spent in this place.
 C = Inter-level travel time spent in this place.
 D = Time resting spent in this place.
 E = Time spent auto-exploring this place.
 F = Levels seen in this place.
 G = Mean time per level.
                   A        B        C        D        E       F      G
               +--------+--------+--------+--------+--------+-----+--------+
         Total |   3261 |   3161 |    100 |    731 |   1837 |   4 |  815.2 |
       Dungeon |   3261 |   3161 |    100 |    731 |   1837 |   4 |  815.2 |
               +--------+--------+--------+--------+--------+-----+--------+

Top non-repeatable levels by time:
     D:2: 1161 daAuts
     D:3: 787 daAuts
     D:1: 744 daAuts
     D:4: 568 daAuts
